 Dungeon Crawl Stone Soup version 0.25-a0-566-g062765be81 (webtiles) character file.

Game seed: 6046961906802524235, levelgen mode: deterministic

887 Roikka the Conjurer (level 7, 0/36 HPs)
             Began as a Deep Elf Conjurer on Feb 27, 2020.
             Was an Initiate of Sif Muna.
             Engulfed by a cloud of freezing vapour (9 damage)
             ... on level 5 of the Dungeon.
             The game lasted 00:17:44 (5311 turns).

Roikka the Conjurer (Deep Elf Conjurer)             Turns: 5311, Time: 00:17:44

Health: 0/36       AC:  5    Str:  5    XL:     7   Next: 77%
Magic:  18/18      EV: 13    Int: 22    God:    Sif Muna [......]
Gold:   336        SH:  6    Dex: 15    Spells: 4/18 levels left

rFire    . . .     SeeInvis .   g - +0 short sword
rCold    + + .     Gourm    .   t - +1 buckler
rNeg     + . .     Faith    .   d - +0 leather armour
rPois    +         Spirit   .   n - +0 helmet
rElec    +         Reflect  .   y - +0 cloak
rCorr    +         Harm     .   (no gloves)
MR       .....                  (no boots)
Stlth    ++........             A - amulet of magic regeneration
HPRegen  0.12/turn              o - ring of positive energy
MPRegen  0.41/turn              j - ring of ice

@: resistant, very slightly contaminated, invisible
A: no striking features
a: Renounce Religion


You were on level 5 of the Dungeon.
You worshipped Sif Muna.
Sif Muna was noncommittal.
You were not hungry.

You visited 1 branch of the dungeon, and saw 5 of its levels.

You collected 336 gold pieces.

Inventory:

Hand Weapons
 g - a +0 short sword (weapon)
Armour
 d - a +0 leather armour (worn)
 n - a +0 helmet (worn)
 t - a +1 buckler (worn)
 y - a +0 cloak (worn)
Jewellery
 j - a ring of ice (right hand)
 o - a ring of positive energy (left hand)
 A - an amulet of magic regeneration (around neck)
Wands
 a - a wand of random effects (27)
 v - a wand of flame (11)
Scrolls
 b - a scroll of identify
 e - a scroll of remove curse
 f - 2 scrolls of amnesia
 k - a scroll of fog
 l - 2 scrolls of magic mapping
Potions
 h - 2 potions of curing
 i - a potion of degeneration {unknown}
 m - a potion of brilliance
 s - a potion of invisibility
 w - a potion of haste {unknown}
Comestibles
 c - 7 rations


   Skills:
 - Level 4.0 Dodging
 - Level 2.4 Stealth
 * Level 3.5 Shields
 + Level 6.2 Spellcasting
 + Level 6.5 Conjurations
 + Level 4.4 Hexes


You had 4 spell levels left.
You knew the following spells:

 Your Spells              Type           Power        Failure   Level  Hunger
a - Magic Dart            Conj           ####         1%          1    None
b - Searing Ray           Conj           #####.       1%          2    None
c - Dazzling Flash        Conj/Hex       ####..       4%          3    #......
d - Fulminant Prism       Conj/Hex       ####......   16%         4    ###....
e - Iskenderun's Mystic   Conj/Tloc      ###.....     36%         4    ###....

Your spell library contained the following spells:

 Spells                   Type           Power        Failure   Level  Hunger


Dungeon Overview and Level Annotations

Branches:
Dungeon (5/15)
 Temple: D:4-7

Altars:
Ashenzari
Ru
Sif Muna
Trog
Zin
The Shining One


Message History

You are engulfed in freezing vapours.
You resist.
Your amulet attunes itself to your body and you begin to regenerate magic more quickly.
You are engulfed in freezing vapours.
You resist.
Okay, then.
It was a potion of resistance.
You feel protected.
You are engulfed in freezing vapours.
You resist.
* * * LOW HITPOINT WARNING * * *
You are engulfed in freezing vapours.
You resist.
* * * LOW HITPOINT WARNING * * *
It was a potion of invisibility.
You fade into invisibility!
You resist.
* * * LOW HITPOINT WARNING * * *
You are very lightly contaminated with residual magic.
It was a potion of curing.
You feel better. You resist.
* * * LOW HITPOINT WARNING * * *
You resist.
You die...

****'*****,....#.#.#......,,,,**,
**,,,******###.#.#☼#..####*****,,
,,,,,,,,,,,....#.#.#......* *,,,,
,*,,,,,,,,,....#☼#.#....#.* *,*,*
,********#####.#☼#.#..#.#,***,*,,
,,,,,,,,,,..,#!#☼#.#..#.#,,,,,*,,
**,*****,*,#.#.#☼#.#..#,#*******,
**,,**,,,*,#...#☼#.#Z.#,*,,,,,**,
,^,,≈,≈,,*,#..##@#.#..#,*,***,**,
,^^,,≈≈^,*,#...#☼☼.#..#,*,* *,,,,
**^,≈**≈≈#.....#####.##,*,* ****,
,,≈,^≈*≈,##.#.........#,*,*** *,
,,≈,≈^≈^^..,#..########,*,,,* *,
,,,_,,,,,.**#.#**,,,,,,,***,* **
^,,,,^≈,≈**...* *,******* *,*
*,^,,,**^*#.##***,* *,*
**,,,,,*≈,..,,,,,,* *,*


You could see a centaur skeleton (wandering).

Vanquished Creatures
  A phantom (D:5)
  A necrophage (D:5)
  A wyvern zombie (D:3)
  A vampire bat (D:3)
  A howler monkey (D:4)
  A crimson imp (D:5)
  An orc priest (D:3)
  4 iguanas
  3 orc wizards (D:4)
  Ijyb (D:4)
  3 worker ants (D:4)
  Robin (D:2)
  2 adders
  3 gnolls (D:4)
  2 oozes
  3 worms
  2 dart slugs (D:2)
  3 fire bats (D:3)
  3 leopard geckos
  7 orcs
  2 spectral bats (D:3)
  3 bat skeletons (D:3)
  A bat zombie (D:3)
  3 giant cockroaches
  13 goblins
  5 hobgoblins
  6 kobolds
  A quokka (D:5)
  A ball python (D:3)
  13 bats
  A bat simulacrum (D:3)
  5 frilled lizards
  A jackal skeleton (D:5)
  A leopard gecko skeleton (D:4)
  6 rats
106 creatures vanquished.

Vanquished Creatures (others)
  4 toadstools (D:1)
4 creatures vanquished.

Grand Total: 110 creatures vanquished

Notes
Turn   | Place    | Note
-------+----------+-------------------------------------------
     0 | D:1      | Roikka the Deep Elf Conjurer began the quest for the Orb.
     0 | D:1      | Reached XP level 1. HP: 10/10 MP: 6/6
   271 | D:1      | Reached XP level 2. HP: 15/15 MP: 1/8
   275 | D:1      | Learned a level 2 spell: Searing Ray
   951 | D:2      | Reached XP level 3. HP: 19/19 MP: 4/10
  1091 | D:2      | Found a glowing silver altar of Zin.
  1096 | D:2      | Reached skill level 5 in Conjurations
  1106 | D:2      | Learned a level 3 spell: Dazzling Flash
  1213 | D:2      | Reached XP level 4. HP: 24/24 MP: 4/12
  1325 | D:2      | Found a sacrificial altar of Ru.
  1603 | D:2      | Noticed Robin
  1629 | D:2      | Killed Robin
  1696 | D:2      | Found a glowing golden altar of the Shining One.
  1925 | D:3      | Reached skill level 1 in Hexes
  1925 | D:3      | Reached XP level 5. HP: 8/28 MP: 4/13
  2197 | D:3      | Learned a level 4 spell: Fulminant Prism
  2210 | D:3      | Found a shattered altar of Ashenzari.
  3093 | D:3      | Reached skill level 1 in Shields
  3171 | D:3      | Reached skill level 5 in Spellcasting
  3173 | D:3      | Reached XP level 6. HP: 32/32 MP: 10/15
  3868 | D:4      | Found a bloodstained altar of Trog.
  3919 | D:4      | Reached XP level 7. HP: 31/36 MP: 13/17
  4052 | D:4      | Found a shimmering blue altar of Sif Muna.
  4058 | D:4      | Became a worshipper of Sif Muna the Loreminder
  4367 | D:4      | Learned a level 4 spell: Iskenderun's Mystic Blast
  4405 | D:4      | Noticed Ijyb
  4417 | D:4      | Killed Ijyb
  4973 | D:5      | Entered Level 5 of the Dungeon
  5302 | D:5      | HP: 1/36 [something (2)]
  5311 | D:5      | Engulfed by a cloud of freezing vapour

Levels and vault maps discovered:
D:1:      ldierk_walled_garden_2, layout_loops_ring, minmay_cupped
D:2:      layout_basic, nicolae_ru_path_of_blood, zin_academy,
          lemuel_coloured_pillars_altar, first_ration, uniq_robin
D:3:      layout_loops_ring, evilmike_ruin_ashenzari, goddamned_bats
D:4:      layout_gridville, lemuel_crystal_altar, led_sif_pool, uniq_ijyb
D:5:      lemuel_ice_spiral_2, layout_basic, grunt_qazlal_sundering,
          gammafunk_temple_overflow_statue, old_standard_altar,
          lemuel_doored_altar, st_stairs_10, minmay_fractal_squares_5

Skill      XL: |  1  2  3  4  5  6  7 |
---------------+----------------------+-----
Dodging        | 3 4 |  4.0
Spellcasting   | 4 5 6 |  6.2
Conjurations   | 5 6 |  6.5
Hexes          | 1 2 3 4 |  4.4
Shields        | 1 2 3 |  3.5
Stealth        | |  2.4

Action                   |  1- 3 |  4- 6 |  7- 9 || total
-------------------------+-------+-------+-------++-------
Melee: Short sword       |     6 |     2 |       ||     8
 Cast: Magic Dart        |    52 |   119 |    63 ||   234
       Searing Ray       |     2 |     9 |     6 ||    17
  Use: Scroll            |       |     2 |    10 ||    12
       Potion            |       |       |     3 ||     3
 Stab: Sleeping          |     1 |     2 |       ||     3
  Eat: Chunk             |     1 |     8 |     4 ||    13
Armor: Leather armour    |     2 |    25 |       ||    27
Dodge: Dodged            |     6 |    48 |     4 ||    58
Block: Buckler           |       |       |     1 ||     1

Table legend:
 A = Non-vault XP
 B = Vault XP
 C = Vault XP percentage of total XP
 D = Non-vault monster count
 E = Vault monster count
 F = Vault count percentage of total count
                 A         B        C        D         E       F
            +---------+---------+-------+---------+---------+-------
      Total |     895 |     373 |  29.4 |      72 |      34 |  32.1
            +---------+---------+-------+---------+---------+-------
        D:1 |      24 |       0 |   0.0 |      14 |       0 |   0.0
        D:2 |      87 |      34 |  28.1 |      15 |      11 |  42.3
        D:3 |     147 |     177 |  54.6 |      16 |      20 |  55.6
        D:4 |     440 |      38 |   7.9 |      20 |       1 |   4.8
        D:5 |     197 |     124 |  38.6 |       7 |       2 |  22.2
            +---------+---------+-------+---------+---------+-------
